 Dungeon Crawl Stone Soup version 0.27-a0-1500-g450c7e4133 (webtiles) character file.

Game seed: 17973078388162154070

12351 gruber the Thaumaturge (level 11, -8/54 HPs)
             Began as a Deep Elf Ice Elementalist on July 6, 2021.
             Was a Follower of Vehumet.
             Succumbed to a skeletal warrior's poison
             ... on level 12 of the Dungeon on July 7, 2021.
             The game lasted 00:30:28 (16083 turns).

gruber the Thaumaturge (Deep Elf Ice Elementalist) Turns: 16083, Time: 00:30:29

Health: -8/54      AC:  4    Str: 16    XL:     11   Next: 61%
Magic:  30/30      EV: 19    Int: 26    God:    Vehumet [*.....]
Gold:   96         SH:  0    Dex: 18    Spells: 17/36 levels left

rFire    . . .     SeeInvis .   d - +7 trident "Peq Pyer" {drain, rPois Str-2 Int+2 Dex+3}
rCold    . . .     Faith    .   (no shield)
rNeg     + . .     Spirit   .   m - +0 leather armour of Sharp the Good {Drain Str+7 Stlth+}
rPois    +         Reflect  .   f - +0 helmet
rElec    +         Harm     .   (no cloak)
rCorr    .         Rampage  .   (no gloves)
Will     ++...                  (no boots)
Stlth    +++.......             a - amulet of Gorief {rElec rN+ Regen+}
HPRegen  1.18/turn              I - +6 ring of strength
MPRegen  0.22/turn              E - ring of willpower

@: lethally poisoned (-8 -> -41)
A: no striking features
a: Renounce Religion


You were on level 12 of the Dungeon.
You worshipped Vehumet.
Vehumet was aware of your devotion.
You visited 2 branches of the dungeon, and saw 13 of its levels.
You also visited: Sewer.

You collected 640 gold pieces.
You spent 544 gold pieces at shops.

Inventory:

Hand Weapons
 d - the +7 trident "Peq Pyer" (weapon) {drain, rPois Str-2 Int+2 Dex+3}
   (You bought it in a shop on level 10 of the Dungeon)

   A truly terrible weapon, it drains the life of those it strikes.
   Str:       It affects your strength (-2).
   Int:       It affects your intelligence (+2).
   Dex:       It affects your dexterity (+3).
   rPois:     It protects you from poison.
 w - the +6 long sword of the Saving Queen {vorpal, Dex+7}
   (You bought it in a shop on level 10 of the Dungeon)

   It inflicts extra damage upon your enemies.
   Dex:       It affects your dexterity (+7).
 F - the +9 trident of the Pit {holy, rC- rN+ Int+4 Dex+3}
   (You found it on level 10 of the Dungeon)

   It has been blessed by the Shining One to cause great damage to the undead
   and demons.
   Int:       It affects your intelligence (+4).
   Dex:       It affects your dexterity (+3).
   rC:        It makes you vulnerable to cold.
   rN:        It protects you from negative energy.
Missiles
 n - 2 throwing nets
 J - 8 curare-tipped darts
Armour
 f - a +0 helmet (worn)
 m - the +0 leather armour of Sharp the Good (worn) {Drain Str+7 Stlth+}
   (You found it on level 7 of the Dungeon)

   Str:       It affects your strength (+7).
   Drain:     It drains your maximum health when unequipped.
   Stlth:     It makes you more stealthy.
Magical Staves
 v - a staff of cold
Jewellery
 a - the amulet of Gorief (around neck) {rElec rN+ Regen+}
   (You acquired it on level 8 of the Dungeon)

   [amulet of regeneration]

   rElec:     It insulates you from electricity.
   rN:        It protects you from negative energy.
   Regen:     It increases your rate of health regeneration.
 z - a ring of resist corrosion
 E - a ring of willpower (right hand)
 I - a +6 ring of strength (left hand)
Wands
 o - a wand of digging (2)
 q - a wand of charming (13)
 x - a wand of polymorph (11)
 A - a wand of flame (29)
Scrolls
 b - a scroll of enchant weapon
 c - 3 scrolls of immolation
 e - 2 scrolls of fear
 k - 16 scrolls of identify
 p - a scroll of magic mapping
 r - 2 scrolls of amnesia
 s - a scroll of fog {unknown}
 y - 3 scrolls of enchant armour
 H - a scroll of teleportation
Potions
 g - 3 potions of mutation {unknown}
 h - a potion of cancellation {unknown}
 i - a potion of resistance {unknown}
 j - a potion of flight {unknown}
 l - 3 potions of haste {unknown}
 t - a potion of degeneration {unknown}
 u - 2 potions of might {unknown}
 B - a potion of attraction {unknown}
 C - a potion of berserk rage {unknown}
 D - a potion of brilliance {unknown}
 G - a potion of magic {unknown}


   Skills:
 - Level 12.0 Dodging
 - Level 2.4 Stealth
 - Level 13.1 Spellcasting
 - Level 10.0 Conjurations
 - Level 5.3 Summonings
 * Level 6.4 Ice Magic
 - Level 4.1 Air Magic


You had 17 spell levels left.
You knew the following spells:

 Your Spells              Type           Power      Damage    Failure   Level
a - Freeze                Ice            100%       1d11      1%          1
b - Frozen Ramparts       Ice            100%       1d12      1%          3
c - Freezing Cloud        Conj/Ice/Air   26%        6-21      7%          5
d - Ozocubu's Armour      Ice            50%        N/A       1%          3
e - Hailstorm             Conj/Ice       56%        3d12      1%          4
f - Call Canine Familiar  Summ           44%        N/A       1%          3

Your spell library contained the following spells:

 Spells                   Type           Power      Damage    Failure   Level
 Shock                    Conj/Air       100%       1d9       1%          1
 Foxfire                  Conj/Fire      100%       2x1d9     1%          1
 Summon Small Mammal      Summ           100%       N/A       1%          1
 Call Imp                 Summ           44%        N/A       1%          2
 Static Discharge         Conj/Air       52%        N/A       1%          2
 Conjure Flame            Conj/Fire      43%        6-21      1%          3
 Mephitic Cloud           Conj/Pois/Air  41%        N/A       1%          3
 Corpse Rot               Necr/Air       N/A        N/A       2%          2
 Poisonous Vapours        Pois/Air       54%        N/A       2%          2
 Summon Guardian Golem    Hex/Summ       30%        N/A       4%          3
 Sublimation of Blood     Necr           8%         N/A       6%          2
 Ice Form                 Ice/Tmut       33%        N/A       11%         4
 Inner Flame              Hex/Fire       17%        N/A       12%         3
 Irradiate                Conj/Tmut      21%        3d20      14%         5
 Petrify                  Tmut/Erth      17%        N/A       38%         4
 Simulacrum               Ice/Necr       16%        N/A       86%         6


Dungeon Overview and Level Annotations

Branches:
Dungeon (12/15)            Temple (1/1) D:5            Lair (0/6) D:9
    Orc (0/2) D:9           Sewer (visited)

Altars:
Ashenzari
Cheibriados
Dithmenos
Elyvilon
Fedhas
Gozag
Hepliaklqana
Kikubaaqudgha
Makhleb
Nemelex Xobeh
Okawaru
Qazlal
Ru
Sif Muna
Trog
Uskayaw
Vehumet
Wu Jian
Xom
Yredelemnul
Zin
The Shining One

Shops:
D:10 *[(   D:11 =

Portals:
Trove: D:10 (give 6 scrolls of fog)

Annotations:
D:6 1 runed translucent door, askman's ghost, novice DsFi
D:9 1 runed translucent door, hark's ghost, novice MiFi


Message History

Casting: Frozen Ramparts (safe; 1% risk of failure)
Confirm with . or Enter, or press ? or * to list all spells.
The skeletal warrior resists.
The wall freezes the skeletal warrior.
Casting: Call Canine Familiar (safe; 1% risk of failure)
Confirm with . or Enter, or press ? or * to list all spells.
Okay, then.
Your frozen ramparts will break if you move.
Continue?
The frozen ramparts melt away as you move.
Your wolf bites the skeletal warrior.
Your wolf bites the skeletal warrior but does no damage.
Your wolf bites the skeletal warrior!
Your wolf bites the skeletal warrior but does no damage.
The skeletal warrior hits you from afar with a +0 trident!!
* * * LOW HITPOINT WARNING * * *
Your wolf barely misses the skeletal warrior.
Your wolf bites the skeletal warrior but does no damage.
Your wolf closely misses the skeletal warrior.
Your wolf bites the skeletal warrior!
Your wolf bites the skeletal warrior.
Your wolf bites the skeletal warrior!
The skeletal warrior is destroyed!
Vehumet accepts your kill.
Magic restored.
HP restored.
Done exploring.
Done exploring.
Done exploring.
Done exploring.
You swap places.
There is a stone staircase leading down here.
You climb downwards.
Your summoned ally is left behind.
The skeletal warrior hits you with a +0 great mace.
The skeletal warrior hits you with a +0 battleaxe of venom!!
Ouch! That really hurt!
You are lethally poisoned!
The skeletal warrior hits you with a +0 great mace!!
* * * LOW HITPOINT WARNING * * *
There is a stone staircase leading up, spattered with blood here.
Unknown command.
Unknown command.
You die...

#....... #
.......... ....
#.......###
..... #.......#
..... #.......#
..... #.......#
..... #.......#
..... #z......#
.....
#.##.@z....##
.....
#...)........
.....
.:.............
.....
###############
#####


You could see 2 skeletal warriors.

Vanquished Creatures
  A fire dragon (D:12)
  A boulder beetle (D:11)
  2 two-headed ogres
  A skeletal warrior (D:12)
  A deep elf pyromancer (D:12)
  A manticore (D:12)
  2 cyclopes (D:11)
  Joseph (D:7)
  A komodo dragon (D:12)
  An unseen horror (D:11)
  A troll (D:9)
  Prince Ribbit (D:9)
  A slime creature (D:12)
  A wyvern (D:9)
  A steam dragon (D:9)
  13 yaks
  An acid dragon (D:11)
  A water moccasin (Sewer)
  3 sky beasts
  3 orc warriors
  An ice beast (D:6)
  5 centaurs
  A nameless horror (D:7)
  3 bullfrogs
  3 scorpions
  A gnoll sergeant (D:9)
  A water moccasin zombie (D:5)
  8 killer bees
  5 wights
  3 howler monkeys
  A bullfrog zombie (D:6)
  5 hounds
  3 jellies
  6 orc priests
  2 iguanas
  3 bullfrog skeletons
  5 centaur zombies
  5 orc wizards
  A gnoll shaman (D:8)
  Natasha (D:4)
  A scorpion zombie (D:5)
  A hound skeleton (D:4)
  A howler monkey zombie (D:7)
  11 gnolls
  4 adders
  2 white imps (D:7)
  An ufetubus (D:5)
  2 adder skeletons (D:4)
  A worm (D:2)
  A dart slug (D:5)
  27 orcs
  13 bats
  10 endoplasms
  5 giant cockroaches
  6 goblins
  5 hobgoblins
  9 jackals
  11 kobolds
  3 quokkas
  8 ball pythons
  A frilled lizard (D:1)
  2 rats
226 creatures vanquished.

Vanquished Creatures (collateral kills)
  A skeletal warrior (D:11)
  A meliai zombie (D:11)
  A yak (D:9)
  A phantom (D:7)
  An orc wizard (D:8)
  An orc (D:8)
6 creatures vanquished.

Vanquished Creatures (others)
  2 plants (D:4)
2 creatures vanquished.

Grand Total: 234 creatures vanquished

Notes
Turn   | Place    | Note
-------+----------+-------------------------------------------
     0 | D:1      | gruber the Deep Elf Ice Elementalist began the quest for
                  | the Orb.
     0 | D:1      | Reached XP level 1. HP: 10/10 MP: 6/6
   252 | D:1      | Reached XP level 2. HP: 15/15 MP: 5/8
   343 | D:1      | Reached skill level 5 in Ice Magic
   790 | D:1      | Reached XP level 3. HP: 18/19 MP: 6/9
  1433 | D:2      | Found a faded altar of an unknown god.
  1577 | D:2      | Learned a level 3 spell: Frozen Ramparts
  1860 | D:2      | Reached XP level 4. HP: 24/24 MP: 9/11
  2032 | D:3      | Found a hazy altar of Hepliaklqana.
  2180 | D:3      | Reached skill level 4 in Spellcasting
  2208 | D:3      | Reached skill level 5 in Spellcasting
  2208 | D:3      | Reached XP level 5. HP: 28/28 MP: 6/14
  2721 | D:3      | Reached skill level 6 in Spellcasting
  3437 | D:4      | Noticed a sky beast
  3443 | D:4      | Killed a sky beast
  3444 | D:4      | Reached skill level 7 in Spellcasting
  3444 | D:4      | Reached XP level 6. HP: 32/32 MP: 10/18
  4033 | D:4      | Noticed Natasha
  4037 | D:4      | Killed Natasha
  4116 | D:4      | Reached skill level 8 in Spellcasting
  4370 | D:4      | Learned a level 5 spell: Freezing Cloud
  4395 | D:5      | Entered Level 5 of the Dungeon
  4973 | D:5      | Found a glowing drain.
  4983 | Sewer    | Entered a sewer
  5072 | Sewer    | Noticed a water moccasin
  5080 | Sewer    | Killed a water moccasin
  5081 | Sewer    | Reached skill level 1 in Conjurations
  5081 | Sewer    | Reached skill level 1 in Air Magic
  5229 | D:5      | Reached XP level 7. HP: 28/36 MP: 17/20
  6185 | D:5      | Found a staircase to the Ecumenical Temple.
  6194 | Temple   | Entered the Ecumenical Temple
  6687 | D:5      | Learned a level 3 spell: Ozocubu's Armour
  6692 | D:5      | Learned a level 4 spell: Hailstorm
  6882 | D:6      | Reached XP level 8. HP: 28/41 MP: 22/22
  6914 | D:6      | Noticed askman's ghost (novice DsFi)
  7055 | D:6      | Reached skill level 5 in Conjurations
  7822 | D:6      | Learned a level 3 spell: Call Canine Familiar
  7913 | D:7      | Reached skill level 1 in Summonings
  8217 | D:7      | Identified the +0 leather armour of Sharp the Good {Drain
                  | Str+7 Stlth+}
  8240 | D:7      | Found a glowing silver altar of Zin.
  8355 | D:7      | Noticed Joseph
  8370 | D:7      | Killed Joseph
  8371 | D:7      | Reached skill level 5 in Summonings
  8670 | D:7      | Reached XP level 9. HP: 28/45 MP: 17/23
  9377 | D:6      | Found a runed translucent door.
  9608 | D:6      | Found an iron altar of Okawaru.
 10170 | D:7      | Reached skill level 5 in Dodging
 10840 | D:8      | Found a radiant altar of Vehumet.
 11417 | D:8      | Found a shimmering blue altar of Sif Muna.
 11558 | D:8      | Identified a scroll of acquirement
 11558 | D:8      | Acquired the amulet of Gorief {rElec rN+ Regen+}
 11574 | D:8      | Became a worshipper of Vehumet
 11843 | D:9      | Noticed a troll
 11849 | D:9      | Killed a troll
 11930 | D:9      | Reached skill level 10 in Dodging
 12143 | D:9      | Noticed a two-headed ogre
 12235 | D:9      | Killed a two-headed ogre
 12236 | D:9      | Reached XP level 10. HP: 50/50 MP: 0/24
 12427 | D:9      | Noticed Prince Ribbit
 12429 | D:9      | Found a staircase to the Lair.
 12434 | D:9      | Killed Prince Ribbit
 12602 | D:9      | Found a staircase to the Orcish Mines.
 12914 | D:9      | Found a runed translucent door.
 12918 | D:9      | Noticed hark's ghost (novice MiFi)
 12919 | D:9      | Noticed a centaur warrior
 13149 | D:10     | Entered Level 10 of the Dungeon
 13171 | D:10     | Found Fahaf's Antique Weapon Shop.
 13184 | D:10     | Reached * piety under Vehumet
 13184 | D:10     | Offered knowledge of Shock by Vehumet.
 13255 | D:10     | Bought a steaming long sword for 272 gold pieces
 13255 | D:10     | Identified the +6 long sword of the Saving Queen {vorpal,
                  | Dex+7} (You bought it in a shop on level 10 of the Dungeon)
 13258 | D:10     | Bought a dazzling trident for 272 gold pieces
 13258 | D:10     | Identified the +7 trident "Peq Pyer" {drain, rPois Str-2
                  | Int+2 Dex+3} (You bought it in a shop on level 10 of the
                  | Dungeon)
 13316 | D:10     | Identified the +9 trident of the Pit {holy, rC- rN+ Int+4
                  | Dex+3}
 13455 | D:10     | Found a portal to a secret trove of treasure.
 13581 | D:10     | Identified the +0 robe of Poor Excuses {MP-9 Dex+8}
 13632 | D:10     | Found Koic's Armour Shop.
 13637 | D:10     | Reached skill level 9 in Spellcasting
 13740 | D:10     | Found Heosee's General Store.
 13747 | D:10     | Got Sorcery in Simple Steps
 14021 | D:11     | Noticed a cyclops
 14024 | D:11     | Killed a cyclops
 14091 | D:11     | Found a gate leading to a gauntlet.
 14110 | D:11     | Reached skill level 10 in Spellcasting
 14128 | D:11     | Reached skill level 11 in Spellcasting
 14216 | D:11     | Noticed a boulder beetle
 14269 | D:11     | Killed a boulder beetle
 14270 | D:11     | Reached skill level 12 in Spellcasting
 14338 | D:11     | Reached XP level 11. HP: 54/54 MP: 6/29
 14805 | D:11     | Found Lalemarph's Jewellery Shoppe.
 14830 | D:11     | Reached skill level 13 in Spellcasting
 15375 | D:12     | Upgraded the game from 0.27-a0-1456-gf5a116941d to
                  | 0.27-a0-1500-g450c7e4133
 15390 | D:12     | Noticed a fire dragon
 15410 | D:12     | Killed a fire dragon
 15474 | D:12     | Noticed a two-headed ogre
 15486 | D:12     | Killed a two-headed ogre
 15635 | D:12     | Noticed a deep elf pyromancer
 15644 | D:12     | Killed a deep elf pyromancer
 15732 | D:12     | Noticed a skeletal warrior
 15768 | D:12     | Killed a skeletal warrior
 15779 | D:12     | Reached skill level 10 in Conjurations
 15856 | D:12     | Noticed a skeletal warrior
 15864 | D:12     | Noticed a skeletal warrior
 15868 | D:12     | Noticed a skeletal warrior
 15870 | D:12     | Noticed a skeletal warrior
 16017 | D:11     | Killed a skeletal warrior
 16082 | D:12     | HP: 1/54 [skeletal warrior[a skeletal warrior] (19)]
 16083 | D:12     | Succumbed to a skeletal warrior's poison

Illustrated notes

Levels and vault maps discovered:
D:1:      lightli_arrival_windingriver, layout_basic
D:2:      layout_basic, ebering_ecumenical_altar_hall
D:3:      layout_basic, old_standard_altar, minmay_hedge_maze
D:4:      cheibrodos_old_hovel, layout_loops_corners,
          hangedman_abyss_or_decor_jellyfish_corner, grunt_decor_mini_mirrors,
          minmay_misc_feat_iff, uniq_natasha
D:5:      layout_rooms, minmay_temple_entry_proselytizer,
          cheibrodos_sewer_entry_sluice
D:6:      kennysheep_six_static_rooms, layout_cave_pools, okawaru_gym_becter,
          hellmonk_ghost_happy_afterlife
D:7:      layout_loops_cross, nicolae_overflow_hidden_temple, uniq_joseph
D:8:      layout_basic, general_overflow_altar, kennysheep_mini_moat
D:9:      layout_loops_ring, dpeg_oklobed_lair, orc_0_dummy,
          ebering_ghost_inner_flame, uniq_prince_ribbit1
D:10:     layout_basic, nicolae_trove_entry_crossroad, serial_shops, shop, shop,
          nicolae_take_the_stairs, minivault_14
D:11:     layout_basic, gauntlet_entry_generic, serial_shops,
          nicolae_shop_waterfront
D:12:     layout_long_grid, due_unseen_surprise
Temple:   minmay_crystal_spiral_temple

Skill      XL: |  1  2  3  4  5  6  7  8  9 10 11 |
---------------+----------------------------------+-----
Ice Magic      | 5 6 |  6.4
Spellcasting   | 5 7 8 12 13 | 13.1
Conjurations   | 2 4 7 10 | 10.0
Air Magic      | 2 4 |  4.1
Summonings     | 5 |  5.3
Dodging        | 10 12 | 12.0
Stealth        | |  2.4

Action                   |  1- 3 |  4- 6 |  7- 9 | 10-12 || total
-------------------------+-------+-------+-------+-------++-------
Melee: Unarmed           |     3 |       |       |       ||     3
       Short sword       |    12 |    23 |   105 |       ||   140
       Staff             |       |     9 |       |       ||     9
       Spear             |       |       |    12 |     3 ||    15
       Trident           |       |       |       |    47 ||    47
 Cast: Freeze            |    57 |    49 |    28 |    20 ||   154
       Frozen Ramparts   |       |    16 |    44 |    21 ||    81
       Call Canine Famil |       |       |    26 |    17 ||    43
       Hailstorm         |       |       |    29 |    33 ||    62
       Ozocubu's Armour  |       |       |     7 |     2 ||     9
       Freezing Cloud    |       |       |       |     4 ||     4
Evoke: Wand              |       |       |       |     1 ||     1
  Use: Scroll            |       |       |    11 |     3 ||    14
       Potion            |       |       |     2 |     6 ||     8
 Stab: Sleeping          |     2 |     1 |     1 |     1 ||     5
       Distracted        |       |       |     1 |     1 ||     2
Armor: Robe              |    15 |    36 |    23 |       ||    74
       Leather armour    |       |       |    16 |    21 ||    37
Dodge: Dodged            |    34 |    83 |   147 |    87 ||   351

Table legend: (Time is in decaauts)
 A = Elapsed time spent in this place.
 B = Non-inter-level travel time spent in this place.
 C = Inter-level travel time spent in this place.
 D = Time resting spent in this place.
 E = Time spent auto-exploring this place.
 F = Levels seen in this place.
 G = Mean time per level.
                   A        B        C        D        E       F      G
               +--------+--------+--------+--------+--------+-----+--------+
         Total |  16125 |  15312 |    813 |    972 |  12334 |  14 | 1151.8 |
       Dungeon |  15692 |  14963 |    729 |    972 |  12067 |  12 | 1307.7 |
        Temple |    222 |    138 |     84 |      0 |    138 |   1 |  222.0 |
         Sewer |    209 |    209 |      0 |      0 |    129 |   1 |  209.0 |
               +--------+--------+--------+--------+--------+-----+--------+

Top non-repeatable levels by time:
     D:7: 1773 daAuts
     D:6: 1731 daAuts
     D:4: 1666 daAuts
     D:9: 1570 daAuts
     D:5: 1494 daAuts
    D:11: 1489 daAuts
     D:8: 1311 daAuts
     D:3: 1160 daAuts
     D:1: 1084 daAuts
     D:2: 950 daAuts
    D:10: 873 daAuts
    D:12: 586 daAuts
  Temple: 222 daAuts
   Sewer: 209 daAuts
